 Dungeon Crawl Stone Soup version 0.29.1-12-g30fa7ad0bf (webtiles) character file.

Game seed: 14014012394868258963

2183 Gabide the Ruffian (level 9, -5/71 HPs)
             Began as a Mummy Berserker on Dec 31, 2022.
             Was a Priest of Trog.
             Slain by a boulder beetle (14 damage)
             ... on level 6 of the Dungeon.
             The game lasted 00:08:54 (5932 turns).

Gabide the Ruffian (Mummy Berserker)                Turns: 5932, Time: 00:08:54

Health: -5/71      AC: 14    Str: 24    XL:     9   Next: 11%
Magic:  9/9        EV: 12    Int:  7    God:    Trog [***...]
Gold:   1045       SH:  0    Dex: 11    Spells: 8/8 levels left

rFire   x . .      SeeInvis .   a - +0 arbalest
rCold   + + .      Faith    .   (shield currently unavailable)
rNeg    + + +      Spirit   .   m - +3 ring mail
rPois   ∞          Reflect  .   f - +0 helmet
rElec   .          Harm     .   q - +0 cloak
rCorr   .          Rampage  .   (no gloves)
Will    +++..                   (no boots)
Stlth   +.........              p - amulet of regeneration
HPRegen 2.01/turn               l - ring of protection from cold
MPRegen 0.11/turn               d - +4 ring of protection

@: strong-willed, regenerating
A: cold resistance 1, negative energy resistance 3, torment resistance 2, heat
vulnerability 1, in touch with death 1, no potions
a: Renounce Religion, Trog's Hand


You were on level 6 of the Dungeon.
You worshipped Trog.
Trog was most pleased with you.
You visited 1 branch of the dungeon, and saw 6 of its levels.

You collected 1045 gold pieces.

Inventory:

Hand Weapons
 a - a +0 arbalest (weapon)
 b - a +1 dagger of draining
Armour
 f - a +0 helmet (worn)
 m - a +3 ring mail (worn)
 q - a +0 cloak (worn)
Jewellery
 d - a +4 ring of protection (right hand)
 l - a ring of protection from cold (left hand)
 p - an amulet of regeneration (around neck)
Wands
 g - a wand of charming (10)
 h - a wand of iceblast (10)
Scrolls
 c - 3 scrolls of blinking
 e - a scroll of magic mapping {unknown}
 i - a scroll of vulnerability
 j - a scroll of teleportation
 n - a scroll of enchant armour {unknown}


   Skills:
 + Level 6.7 Fighting
 - Level 1.5 Armour
 + Level 5.2 Dodging
 * Level 7.6 Unarmed Combat


You had 8 spell levels left.
You didn't know any spells.
Your spell library was empty.

Dungeon Overview and Level Annotations

Branches:
Dungeon (6/15)             Temple (0/1) D:5

Altars:
Cheibriados
Dithmenos
Fedhas
Qazlal
Sif Muna
Trog
Xom


Innate Abilities, Weirdness & Mutations

You are immune to poison.
Your flesh is cold resistant. (rC+)
You are immune to negative energy. (rN+++)
You are immune to unholy pain and torment.
You are vulnerable to heat. (rF-)
You are in touch with the powers of death.
You do not drink.


Message History

The boulder beetle curls into a ball and begins rolling!
The air fills with toxic fumes!
As you read the scroll of poison, it crumbles to dust.
Your bullfrog hits the boulder beetle but does no damage.
The boulder beetle hits your bullfrog!!!
Your bullfrog dies!
Your bullfrog's corpse dissolves into shadows!
The boulder beetle stops rolling and uncurls.
The boulder beetle closely misses your hound.
Your hound bites the boulder beetle but does no damage.
Your hound bites the boulder beetle but does no damage.
The boulder beetle bites your hound!
Your skin crawls.
You feel strong-willed.
Your hound bites the boulder beetle but does no damage.
The boulder beetle bites your hound!
Your hound dies!
Your hound's corpse dissolves into shadows!
Okay, then.
a - a +0 arbalest (weapon)
You shoot a bolt.
The bolt hits the boulder beetle but does no damage.
The boulder beetle is lightly wounded.
The boulder beetle curls into a ball and begins rolling!
Fire: a) +0 arbalest
Press: ? - help, Q - select action, (/) - cycle Shift-Dir - straight line, f/p - boulder beetle
Aim: a boulder beetle (lightly wounded, rolling, lightly drained, 88% to hit)
You shoot a bolt.
The bolt hits the boulder beetle but does no damage.
The boulder beetle is lightly wounded.
The boulder beetle hits you!!
The boulder beetle stops rolling and uncurls.
The boulder beetle bites you.
* * * LOW HITPOINT WARNING * * *
As you read the scroll of summoning, it crumbles to dust.
Wisps of shadow whirl around you... The boulder beetle bites you!
* * * LOW HITPOINT WARNING * * *
The boulder beetle attacks as you move away!
The boulder beetle bites you!
You die...

####### #####.....####
##..s..###....###
#...B..l....#...##
#...#@.#..#..##..##
##...##...##...##..###
#....###.###....##.†.##
#.###.##.##.###.####..#
#..###.#.#.###..# ##..
##.)####.####..## ###
##)....⌠.....## #
#..####.####.. #
#..###.#.#H###. #


You could see a boulder beetle (drained, ally target), a friendly scorpion
(summoned) and a friendly iguana (summoned).

Vanquished Creatures
  A hydra (D:6)
  The ghost of
  112233 the Conjurer, an amateur OpHW (D:5)
  A yak (D:6)
  An ice beast (D:5)
  3 black bears
  An ogre (D:5)
  A phantom (D:5)
  4 scorpions
  A howler monkey (D:5)
  A hound (D:6)
  An orc priest (D:5)
  2 iguanas
  Natasha (thrice) (D:2)
  3 orc wizards
  3 gnolls (D:5)
  8 adders
  A white imp (D:5)
  2 worms
  A dart slug (D:1)
  21 orcs
  2 bats (D:1)
  7 endoplasms
  9 giant cockroaches
  12 goblins
  5 hobgoblins
  4 jackals (D:3)
  2 quokkas
  8 ball pythons
  2 frilled lizards
  3 kobolds
  7 rats
121 creatures vanquished.

Vanquished Creatures (others)
  3 fungi (D:2)
  A plant (D:2)
4 creatures vanquished.

Grand Total: 125 creatures vanquished

Notes
Turn   | Place    | Note
-------+----------+-------------------------------------------
     0 | D:1      | Gabide the Mummy Berserker began the quest for the Orb.
     0 | D:1      | Reached XP level 1. HP: 18/18 MP: 1/1
   158 | D:1      | Reached XP level 2. HP: 9/24 MP: 2/2
   741 | D:1      | Reached skill level 3 in Unarmed Combat
   840 | D:1      | Gained mutation: You are in touch with the powers of death.
                  | [Mummy growth]
   840 | D:1      | Reached XP level 3. HP: 29/29 MP: 3/3
  1255 | D:2      | Reached ** piety under Trog
  1334 | D:2      | Noticed Natasha
  1350 | D:2      | Killed Natasha
  1351 | D:2      | Reached XP level 4. HP: 32/36 MP: 4/4
  1639 | D:2      | Found a faded altar of an unknown god.
  1640 | D:2      | Noticed Natasha
  1650 | D:2      | Killed Natasha
  1963 | D:2      | Noticed Natasha
  1978 | D:2      | Killed Natasha
  1979 | D:2      | Reached XP level 5. HP: 36/42 MP: 5/5
  2868 | D:4      | Reached skill level 4 in Unarmed Combat
  2895 | D:4      | Reached *** piety under Trog
  3143 | D:4      | Noticed a black bear
  3162 | D:4      | Killed a black bear
  3163 | D:4      | Reached XP level 6. HP: 49/49 MP: 6/6
  3720 | D:5      | Entered Level 5 of the Dungeon
  3720 | D:5      | Noticed an ice beast
  3742 | D:5      | Killed an ice beast
  4055 | D:5      | Reached skill level 5 in Unarmed Combat
  4055 | D:5      | Reached XP level 7. HP: 46/55 MP: 7/7
  4350 | D:4      | Reached skill level 5 in Fighting
  5134 | D:5      | Reached skill level 6 in Unarmed Combat
  5134 | D:5      | Reached XP level 8. HP: 55/63 MP: 8/8
  5246 | D:5      | Found a staircase to the Ecumenical Temple.
  5370 | D:5      | Found a runed translucent door.
  5370 | D:5      | Noticed 112233's ghost (amateur OpHW)
  5511 | D:5      | Killed 112233's ghost
  5543 | D:6      | Found a shimmering altar of Xom.
  5560 | D:6      | Found a stormy altar of Qazlal.
  5563 | D:6      | Found a snail-covered altar of Cheibriados.
  5565 | D:6      | Found a shimmering blue altar of Sif Muna.
  5569 | D:6      | Found a shadowy altar of Dithmenos.
  5572 | D:6      | Found a bloodstained altar of Trog.
  5574 | D:6      | Found a blossoming altar of Fedhas.
  5643 | D:6      | Identified a scroll of acquirement
  5644 | D:6      | Acquired 751 gold pieces
  5772 | D:6      | Noticed a six-headed hydra
  5783 | D:6      | Killed a six-headed hydra
  5784 | D:6      | Reached skill level 5 in Dodging
  5784 | D:6      | Reached skill level 7 in Unarmed Combat
  5784 | D:6      | Reached XP level 9. HP: 47/71 MP: 9/9
  5870 | D:6      | Noticed a boulder beetle
  5870 | D:6      | Noticed a manticore
  5932 | D:6      | Slain by a boulder beetle

Illustrated notes

Levels and vault maps discovered:
D:1:      dpeg_arrival_signposts, layout_basic, grunt_decor_junction
D:2:      layout_rooms, shapermc_ecumenical_altar_ellora,
          roderic_serpentine_path, uniq_natasha
D:3:      layout_basic, minivault_24, minivault_11
D:4:      layout_gridville, grunt_decor_arrowhead
D:5:      layout_cave_pods, minmay_temple_entry_butterflies,
          gammafunk_ghost_grave
D:6:      layout_rooms, nicolae_overflow_hallway_of_the_gods, kb_rosetta

Skill      XL: |  1  2  3  4  5  6  7  8 |
---------------+-------------------------+-----
Unarmed Combat | 3 4 5 6 7 |  7.6
Dodging        | 2 3 4 5 |  5.2
Fighting       | 4 5 6 |  6.7
Armour         | |  1.5

Action                   |  1- 3 |  4- 6 |  7- 9 || total
-------------------------+-------+-------+-------++-------
Melee: Dagger            |   111 |   142 |   191 ||   444
       Unarmed           |    10 |       |    13 ||    23
       Punch             |     4 |     1 |     8 ||    13
 Fire: Arbalest          |       |    36 |    69 ||   105
Invok: Trog's Hand       |       |     2 |     3 ||     5
  Use: Scroll            |       |     5 |     8 ||    13
Armor: Animal skin       |     5 |       |       ||     5
       Scale mail        |    41 |    31 |       ||    72
       Ring mail         |       |    32 |   163 ||   195
Dodge: Dodged            |    90 |    74 |   125 ||   289
